 Dungeon Crawl Stone Soup version 0.26-a0-1181-gd376ed14c5 (webtiles) character file.

Game seed: 2051360178970265089

119800 HoaS the Brawler (level 16, -6/145 HPs)
             Began as a Ghoul Gladiator on Dec 26, 2020.
             Was the Champion of Makhleb.
             Mangled by a goliath frog (18 damage)
             ... on level 1 of the Swamp.
             The game lasted 00:58:12 (22274 turns).

HoaS the Brawler (Ghoul Gladiator)                 Turns: 22274, Time: 00:58:12

Health: -6/145     AC: 22    Str: 24    XL:     16   Next: 80%
Magic:  15/15      EV: 16    Int:  3    God:    Makhleb [******]
Gold:   3138       SH:  5    Dex: 17    Spells: 15/15 levels left

rFire    . . .     SeeInvis .     - Unarmed
rCold    + . .     Faith    .   (no shield)
rNeg     + + +     Spirit   .   O - +3 chain mail {Will+}
rPois    ∞         Reflect  +   b - +2 helmet
rElec    .         Harm     .   n - +2 cloak
rCorr    .         Rampage  .   (no gloves)
Will     ++...                  (no boots)
Stlth    ..........             N - amulet of reflection
HPRegen  0.00/turn              k - +4 ring of protection
MPRegen  0.14/turn              F - +6 ring of dexterity

@: corroded
A: claws 1, cold resistance 1, negative energy resistance 3, inhibited
regeneration, torment resistance, unbreathing
a: Renounce Religion, Minor Destruction, Lesser Servant of Makhleb, Major
Destruction, Greater Servant of Makhleb


You were on level 1 of the Swamp.
You worshipped Makhleb.
Makhleb was exalted by your worship.
You visited 5 branches of the dungeon, and saw 25 of its levels.
You also visited: Ossuary.

You collected 3138 gold pieces.

Inventory:

Missiles
 c - 4 throwing nets (quivered)
 m - 80 poisoned darts
 x - 14 boomerangs
 B - 3 atropa-tipped darts
 L - 21 javelins
Armour
 b - a +2 helmet (worn)
 n - a +2 cloak (worn)
 O - a +3 chain mail of willpower (worn)
Jewellery
 f - an uncursed ring of see invisible
 h - an uncursed ring of ice
 k - a +4 ring of protection (left claw)
 t - an uncursed ring of flight
 y - an uncursed ring of fire
 C - an uncursed ring of protection from cold
 D - a +6 ring of strength
 E - an uncursed ring of protection from fire
 F - a +6 ring of dexterity (right claw)
 N - an amulet of reflection (around neck)
Wands
 e - a wand of polymorph (12)
 p - a wand of iceblast (18)
 q - a wand of random effects (73)
 u - a wand of flame (42)
 G - a wand of enslavement (6)
 H - a wand of disintegration (16)
 M - a wand of paralysis (12)
 R - a wand of digging (13)
Scrolls
 d - 2 scrolls of fog
 g - 6 scrolls of blinking
 l - 19 scrolls of teleportation
 r - 7 scrolls of magic mapping
 v - 4 scrolls of fear
 z - 5 scrolls of identify
 A - 12 scrolls of remove curse
 P - 2 scrolls of enchant armour
 Q - a scroll of torment
Potions
 a - 2 potions of invisibility
 i - 10 potions of curing
 j - 3 potions of haste
 o - a potion of cancellation
 s - 4 potions of might
 I - 3 potions of attraction
 J - a potion of ambrosia
 K - 3 potions of flight


   Skills:
 + Level 13.6 Fighting
 - Level 1.7 Throwing
 + Level 11.5 Armour
 + Level 11.9 Dodging
 * Level 20.7 Unarmed Combat


You had 15 spell levels left.
You didn't know any spells.
Your spell library contained the following spells:

 Spells                   Type           Power        Failure   Level
 Animate Skeleton         Necr           0%           97%         1
 Apportation              Tloc           0%           97%         1
 Corona                   Hex            0%           97%         1
 Freeze                   Ice            0%           97%         1
 Magic Dart               Conj           0%           97%         1
 Pain                     Necr           0%           97%         1
 Summon Small Mammal      Summ           0%           97%         1
 Call Imp                 Summ           0%           99%         2
 Ensorcelled Hibernation  Hex/Ice        0%           99%         2
 Searing Ray              Conj           0%           99%         2
 Call Canine Familiar     Summ           0%           100%        3
 Confusing Touch          Hex            0%           100%        3
 Dazzling Flash           Conj/Hex       0%           100%        3
 Frozen Ramparts          Ice            0%           100%        3
 Gell's Gravitas          Tloc           0%           100%        3
 Ozocubu's Armour         Ice            0%           100%        3
 Summon Guardian Golem    Hex/Summ       0%           100%        3
 Tukima's Dance           Hex            0%           100%        3
 Vampiric Draining        Necr           0%           100%        3
 Animate Dead             Necr           0%           100%        4
 Fulminant Prism          Conj/Hex       0%           100%        4
 Hailstorm                Conj/Ice       0%           100%        4
 Iskenderun's Mystic Bla  Conj/Tloc      0%           100%        4
 Petrify                  Tmut/Erth      0%           100%        4
 Summon Ice Beast         Ice/Summ       0%           100%        4
 Summon Lightning Spire   Summ/Air       0%           100%        4
 Agony                    Necr           0%           100%        5
 Bolt of Magma            Conj/Fire/Erth 0%           100%        5
 Iskenderun's Battlesphe  Conj           0%           100%        5
 Metabolic Englaciation   Hex/Ice        0%           100%        5
 Summon Demon             Summ           0%           100%        5
 Summon Forest            Summ/Tloc      0%           100%        5
 Summon Mana Viper        Hex/Summ       0%           100%        5
 Yara's Violent Unravell  Hex/Tmut       0%           100%        5
 Freezing Cloud           Conj/Ice/Air   0%           100%        6
 Iron Shot                Conj/Erth      0%           100%        6
 Ozocubu's Refrigeration  Ice            0%           100%        6
 Shadow Creatures         Summ           N/A          100%        6
 Simulacrum               Ice/Necr       0%           100%        6
 Orb of Destruction       Conj           0%           100%        7
 Spellforged Servitor     Conj/Summ      0%           100%        7
 Summon Hydra             Summ           0%           100%        7
 Ice Form                 Ice/Tmut       Unusable     N/A         4

Dungeon Overview and Level Annotations

Branches:
Dungeon (15/15)            Temple (1/1) D:7            Lair (6/6) D:9
  Swamp (1/4) Lair:3       Spider (0/4) Lair:4        Slime (0/5) Lair:5
    Orc (2/2) D:11            Elf (0/3) Orc:2        Vaults (0/5) D:13
 Depths (0/5) D:15        Ossuary (visited)

Altars:
Ashenzari
Dithmenos
Hepliaklqana
Makhleb
Nemelex Xobeh
Okawaru
Qazlal
Ru
Sif Muna
Trog
Uskayaw
Vehumet
Wu Jian
Xom
Yredelemnul
Zin

Shops:
D:8 !   D:11 [*   Orc:2 *(*}

Portals:
Pandemonium: Orc:2


Innate Abilities, Weirdness & Mutations

You thrive by killing the living.
You are immune to poison.
You have sharp fingernails.
Your flesh is cold resistant. (rC+)
You are immune to negative energy. (rN+++)
You do not regenerate when monsters are visible.
You are immune to unholy pain and torment.
You can survive without breathing.


Message History

The goliath frog hits you but does no damage.
The tyrant leech bites you.
The tyrant leech zombie bites you but does no damage.
The water moccasin zombie completely misses you.
You claw the tyrant leech! Your claw misses the tyrant leech.
The tyrant leech is moderately wounded.
The swamp drake zombie misses you. The goliath frog misses you.
The goliath frog hits you from afar!
* * * LOW HITPOINT WARNING * * *
The acid corrodes you!
You are splashed with acid!
* * * LOW HITPOINT WARNING * * *
The alligator zombie bites you!
* * * LOW HITPOINT WARNING * * *
The alligator zombie tail-slaps you but does no damage.
You completely miss the tyrant leech.
The tyrant leech is moderately wounded.
The water moccasin zombie closely misses you.
The tyrant leech closely misses you. You block the goliath frog's attack.
The goliath frog hits you from afar!!
You die...

......♣
≈.≈♣..≈♣ ♣.
..≈≈≈.≈≈.≈♣♣
♣♣♣♣♣♣♣♣
.≈♣♣≈..≈≈≈≈≈.≈≈
.......≈≈≈≈≈..≈
.♣
....≈≈≈≈≈§≈§≈..
♣♣
≈≈≈≈≈≈≈≈≈≈...♣♣
≈≈≈≈≈≈≈≈§≈....♣
≈≈≈≈≈≈≈†≈≈...≈♣
.≈≈.≈Fw@Z≈..≈♣
....≈FZZZ..≈♣♣
.♣≈.≈≈.≈.≈♣♣≈§♣
.≈.≈§≈.♣..v. .
...≈≈≈. ..w≈≈
♣≈..≈.. .......
♣♣....≈ ≈)≈..≈≈
♣ ♣.≈..≈
#+##..≈ ♣


You could see 2 tyrant leeches, 2 goliath frogs, a will-o-the-wisp, a water
moccasin zombie, a tyrant leech zombie, an alligator zombie and a swamp drake
zombie.

Vanquished Creatures
  Rupert (D:15)
  Gastronok (D:11)
  A frost giant (D:15)
  Louise (D:15)
  Azrael (D:12)
  A fire dragon (D:13)
  Snorg (D:12)
  A shambling mangrove (Swamp:1)
  Fannar (Lair:1)
  4 boulder beetles
  A vault guard (D:13)
  2 catoblepae
  8 hydras
  Erica (D:8)
  4 centaur warriors
  2 death knights
  3 two-headed ogres
  17 death yaks
  An alligator (Swamp:1)
  A tengu warrior (D:15)
  Urug (Orc:2)
  8 orc high priests
  A soul eater (Orc:2)
  A sun demon (Orc:2)
  A hell knight (D:13)
  2 gelid demonspawn (Orc:2)
  3 unseen horrors
  A torturous demonspawn (Orc:2)
  4 orc knights (Orc:2)
  A wizard (D:15)
  9 ugly things
  6 cyclopes
  A wolf spider (Lair:6)
  An orb spider (Lair:4)
  4 orc sorcerers (Orc:2)
  2 manticores
  A deep elf mage (D:15)
  A guardian serpent (Lair:6)
  5 elephants (Lair:6)
  17 cane toads
  2 centaur zombies
  3 centaur skeletons
  3 gargoyles
  Maurice (D:9)
  6 black mambas
  A smoke demon (Orc:2)
  2 rime drakes (Lair:2)
  A kobold demonologist (D:15)
  6 yaktaurs (D:15)
  2 efreet
  A redback zombie (D:15)
  6 komodo dragons
  An ice devil (Orc:2)
  2 red devils (Orc:2)
  4 trolls
  A tengu conjurer (D:15)
  10 polar bears
  4 hornets
  3 tyrant leeches
  6 slime creatures (D:15)
  A raiju (Lair:6)
  18 blink frogs
  A dream sheep (Lair:6)
  A wolf spider simulacrum (D:13)
  2 shadows
  2 spriggans (Swamp:1)
  5 wraiths
  30 yaks
  17 wyverns
  A fire elemental (D:12)
  2 redbacks (Lair:6)
  5 basilisks
  3 vampire mosquitoes (D:13)
  12 wargs
  A neqoxec (Orc:2)
  Menkaure (D:7)
  3 swamp worms (Swamp:1)
  A soldier ant (D:13)
  An acid dragon (D:12)
  19 water moccasins
  20 hell hounds
  6 ice beasts
  3 phantoms
  3 sky beasts
  36 orc warriors
  13 black bears
  An eye of draining (D:14)
  7 ogres
  3 boggarts (D:15)
  An ogre (shapeshifter) (D:13)
  17 centaurs
  40 wolves
  4 big kobolds
  14 bullfrogs
  A wyvern zombie (D:10)
  3 scorpions
  A wyvern skeleton (D:7)
  8 killer bees
  17 wights
  A vampire bat (Orc:2)
  2 lava snakes (D:8)
  6 bullfrog zombies
  13 howler monkeys
  A quasit (D:11)
  6 jellies
  7 hounds
  5 bullfrog skeletons
  29 orc priests
  Crazy Yiuf (D:3)
  30 orc wizards
  4 iguanas
  2 hell rats (Lair:4)
  10 worker ants
  A bullfrog simulacrum (D:13)
  A hound zombie (D:5)
  A hound skeleton (D:10)
  4 mummies
  5 worker ant zombies (D:5)
  6 gnolls
  A howler monkey zombie (D:5)
  14 adders
  6 river rats (Lair:4)
  3 ufetubi
  8 oozes
  2 adder skeletons (D:5)
  5 adder zombies
  A worm (D:2)
  2 dart slugs
  8 leopard geckos
  90 orcs
  A ball python (D:1)
  6 giant cockroaches
  6 goblins
  10 hobgoblins
  15 jackals
  7 quokkas
  20 bats
  6 frilled lizards
  2 giant cockroach zombies (D:5)
  A goblin zombie (Ossuary)
  6 hobgoblin zombies (Ossuary)
  A jackal skeleton (D:5)
  A jackal zombie (D:5)
  32 kobolds
  3 kobold zombies (Ossuary)
  A leopard gecko zombie (D:5)
  3 quokka skeletons (D:5)
  10 quokka zombies
  11 rats
  4 rat zombies (Ossuary)
933 creatures vanquished.

Vanquished Creatures (others)
  2 hell hounds (D:12)
  A centaur (Lair:2)
  14 fungi
  54 plants
  A withered plant (D:5)
72 creatures vanquished.

Grand Total: 1005 creatures vanquished

Notes
Turn   | Place    | Note
-------+----------+-------------------------------------------
     0 | D:1      | HoaS the Ghoul Gladiator began the quest for the Orb.
     0 | D:1      | Reached XP level 1. HP: 17/17 MP: 0/0
    98 | D:1      | Reached XP level 2. HP: 15/24 MP: 1/1
   224 | D:1      | Reached skill level 4 in Unarmed Combat
   516 | D:1      | Reached XP level 3. HP: 28/29 MP: 2/2
   794 | D:2      | Reached skill level 5 in Unarmed Combat
   862 | D:2      | Reached XP level 4. HP: 35/36 MP: 3/3
  1043 | D:2      | Found a shimmering blue altar of Sif Muna.
  1118 | D:2      | Noticed a +0 dagger
  1118 | D:2      | Noticed a +0 dagger
  1121 | D:2      | Found a hide-covered altar of Uskayaw.
  1138 | D:2      | Found a basalt altar of Yredelemnul.
  1483 | D:3      | Reached skill level 6 in Unarmed Combat
  1535 | D:3      | Reached XP level 5. HP: 39/41 MP: 4/4
  2028 | D:3      | Found a runed translucent door.
  2029 | D:3      | Noticed Crazy Yiuf
  2073 | D:3      | Found a faded altar of an unknown god.
  2177 | D:3      | Killed Crazy Yiuf
  2178 | D:3      | Reached skill level 7 in Unarmed Combat
  2178 | D:3      | Reached XP level 6. HP: 41/48 MP: 5/5
  2283 | D:4      | Found a sand-covered staircase.
  2297 | Ossuary  | Entered an ossuary
  2683 | D:4      | Reached skill level 8 in Unarmed Combat
  2748 | D:4      | Reached XP level 7. HP: 51/55 MP: 6/6
  3261 | D:4      | Reached skill level 9 in Unarmed Combat
  3449 | D:5      | Entered Level 5 of the Dungeon
  3636 | D:5      | Reached skill level 10 in Unarmed Combat
  3694 | D:5      | Reached XP level 8. HP: 60/61 MP: 7/7
  3926 | D:5      | Reached skill level 11 in Unarmed Combat
  4355 | D:5      | Found a sacrificial altar of Ru.
  4443 | D:6      | Reached skill level 12 in Unarmed Combat
  4481 | D:6      | Reached XP level 9. HP: 67/68 MP: 8/8
  4495 | D:6      | Reached skill level 1 in Armour
  4780 | D:6      | Found a shimmering altar of Xom.
  5128 | D:7      | Noticed Menkaure
  5137 | D:7      | Killed Menkaure
  5216 | D:7      | Found a staircase to the Ecumenical Temple.
  5234 | Temple   | Entered the Ecumenical Temple
  5240 | Temple   | Became a worshipper of Makhleb the Destroyer
  5437 | D:7      | Found a hazy altar of Hepliaklqana.
  5437 | D:7      | Found a bloodstained altar of Trog.
  5440 | D:7      | Found an iron altar of Okawaru.
  5442 | D:7      | Found a broken altar of Ashenzari.
  5792 | D:8      | Found Uletyfuc's Distillery.
  6006 | D:8      | Reached skill level 13 in Unarmed Combat
  6067 | D:8      | Noticed Erica
  6087 | D:8      | Killed Erica
  6088 | D:8      | Reached skill level 5 in Fighting
  6088 | D:8      | Reached XP level 10. HP: 64/81 MP: 7/9
  6091 | D:8      | Reached * piety under Makhleb
  6612 | D:9      | Reached skill level 5 in Dodging
  6714 | D:9      | Noticed Maurice
  6863 | D:9      | Noticed a two-headed ogre
  6872 | D:9      | Killed a two-headed ogre
  6873 | D:9      | Reached skill level 14 in Unarmed Combat
  6894 | D:9      | Found a staircase to the Lair.
  6950 | D:9      | Reached ** piety under Makhleb
  7053 | D:9      | Killed Maurice
  7054 | D:9      | Reached XP level 11. HP: 91/91 MP: 10/10
  7188 | D:9      | Reached skill level 5 in Armour
  7246 | D:10     | Entered Level 10 of the Dungeon
  7448 | D:10     | Got a faintly humming leather armour
  7910 | D:10     | Identified the +2 leather armour "Uniyttuz" {rElec Str+7
                  | Dex-4} (You found it on level 10 of the Dungeon)
  8050 | D:11     | Noticed Gastronok
  8072 | D:11     | Reached *** piety under Makhleb
  8093 | D:11     | Killed Gastronok
  8167 | D:11     | Found a staircase to the Orcish Mines.
  8246 | D:11     | Reached skill level 15 in Unarmed Combat
  8258 | D:11     | Found Ugann's Serpentskin Sales.
  8299 | D:11     | Noticed a boulder beetle
  8300 | D:11     | Noticed a two-headed ogre
  8506 | D:11     | Killed a boulder beetle
  8580 | D:11     | Killed a two-headed ogre
  8628 | D:11     | Noticed a five-headed hydra
  8717 | D:11     | Killed a five-headed hydra
  8718 | D:11     | Reached XP level 12. HP: 101/101 MP: 9/11
  8723 | D:11     | Reached **** piety under Makhleb
  9074 | D:11     | Found Loadgh's Armour Emporium.
  9203 | Lair:1   | Entered Level 1 of the Lair of Beasts
  9217 | Lair:1   | Noticed Fannar
  9232 | Lair:1   | Killed Fannar
 10324 | Lair:2   | Found a sparkling altar of Nemelex Xobeh.
 10499 | Lair:2   | Reached skill level 16 in Unarmed Combat
 10638 | Lair:2   | Reached ***** piety under Makhleb
 11378 | Lair:3   | Noticed an eight-headed hydra
 11559 | Lair:3   | Killed an eight-headed hydra
 11560 | Lair:3   | Reached XP level 13. HP: 111/111 MP: 9/12
 11577 | Lair:3   | Found a staircase to the Swamp.
 12146 | Lair:3   | Reached skill level 10 in Fighting
 12146 | Lair:3   | Reached skill level 17 in Unarmed Combat
 12498 | Lair:4   | Found a hole to the Spider Nest.
 13147 | Lair:4   | Identified a scroll of acquirement
 13147 | Lair:4   | Acquired 500 gold pieces
 13605 | Lair:5   | Found a shadowy altar of Dithmenos.
 13650 | Lair:5   | Found a staircase to the Slime Pits.
 14112 | Lair:6   | Entered Level 6 of the Lair of Beasts
 14138 | Lair:6   | Reached XP level 14. HP: 119/122 MP: 13/13
 14597 | Lair:6   | Reached skill level 18 in Unarmed Combat
 14897 | Lair:6   | Reached ****** piety under Makhleb
 14930 | Lair:6   | Reached skill level 10 in Dodging
 15619 | Lair:6   | Reached XP level 15. HP: 132/132 MP: 14/14
 16076 | D:12     | Noticed Snorg
 16096 | D:12     | Killed Snorg
 16097 | D:12     | Reached skill level 10 in Armour
 16186 | D:12     | Reached skill level 19 in Unarmed Combat
 16719 | D:12     | Noticed Azrael
 16734 | D:12     | Killed Azrael
 16887 | Orc:1    | Entered Level 1 of the Orcish Mines
 16902 | Orc:1    | Found a burning altar of Makhleb.
 17308 | Orc:2    | Entered Level 2 of the Orcish Mines
 17510 | Orc:2    | Found a staircase to the Elven Halls.
 17587 | Orc:2    | Found Soirot's General Store.
 17674 | Orc:2    | Found Bafeffin's General Store.
 17785 | Orc:2    | Noticed Urug
 17792 | Orc:2    | Killed Urug
 19053 | Orc:2    | Paralysed by an orc sorcerer for 4 turns
 19104 | Orc:2    | Paralysed by an orc sorcerer for 6 turns
 19115 | Orc:2    | Found Deebrem's Antique Weapon Shop.
 19115 | Orc:2    | Found Otonle's Gadget Boutique.
 19120 | Orc:2    | Found a one-way gate leading to the halls of Pandemonium.
 19975 | D:13     | Reached XP level 16. HP: 129/141 MP: 15/15
 20013 | D:13     | Found a gate to the Vaults.
 20473 | D:14     | Reached skill level 20 in Unarmed Combat
 20908 | D:15     | Entered Level 15 of the Dungeon
 21367 | D:15     | Noticed Rupert
 21390 | D:15     | Killed Rupert
 21780 | D:15     | Noticed Louise
 21790 | D:15     | Killed Louise
 21817 | D:15     | Found a staircase to the Depths.
 22092 | Swamp:1  | Entered Level 1 of the Swamp
 22274 | Swamp:1  | Mangled by a goliath frog

Illustrated notes

Levels and vault maps discovered:
D:1:      matt_arrival_grand_opening, layout_basic, minivault_11
D:2:      cheibrodos_old_hovel, layout_loops_ring, lemuel_doored_altar,
          old_standard_altar, dancing_weapons_uskayaw
D:3:      layout_loops_ring, chequers_ecumenical_altar_twisty,
          uniq_crazy_yiuf_cottage
D:4:      layout_gridville, gup_ossuary_entry_pyramid
D:5:      layout_cave_pools, general_overflow_altar, serial_undead,
          serial_undead_d, serial_undead_c, serial_undead_a, serial_undead_f,
          serial_undead_a, serial_undead_e, serial_undead_d, serial_undead_d,
          minmay_fractal_squares_5
D:6:      layout_loops_cross, basic_altar
D:7:      layout_basic, minitemple, minmay_temple_entry_stoned_glass,
          dk_noncrumbling_4, hangedman_glass_teeth, uniq_menkaure
D:8:      layout_loops_ring, serial_shops, shop, kennysheep_minor_cross,
          hangedman_decor_growths, uniq_erica
D:9:      layout_roguey, lair_entry_dummy, uniq_maurice
D:10:     layout_loops_ring, minmay_diamond_spiral
D:11:     layout_basic, david_orc_2, serial_shops, shop, guppyfry_shop_venom,
          uniq_gastronok
D:12:     layout_irregular_city, uniq_snorg, uniq_azrael
D:13:     layout_roguey, david_vaults_4, serial_ice, serial_ice_f, serial_ice_m,
          serial_ice_e, serial_ice_a, serial_ice_h, serial_ice_d,
          minmay_rotating_lava
D:14:     layout_roguey, hangedman_decor_riveting
D:15:     grunt_enter_depths_snipers, layout_loops_cross,
          minmay_shattered_shrine, uniq_rupert, uniq_louise
Temple:   eino_narrow_crystal_temple
Lair:1:   layout_regular_city, uniq_fannar
Lair:2:   layout_small_grid, lemuel_centaur_altar, lemuel_fruit_fields,
          infiniplex_staircase_pool_2
Lair:3:   layout_small_grid, minmay_swamp_entry_worms
Lair:4:   layout_regular_city, nicolae_spider_entry_orb_guardian,
          kennysheep_rathole
Lair:5:   layout_gridlike, nicolae_slime_entry_slimehenge, basic_altar,
          serial_bayou_crossing
Lair:6:   hangedman_lair_caniforms_friends, layout_cave_pods,
          hangedman_lair_tendril_chambers, lemuel_fruit_tree,
          serial_bayou_shore_b
Swamp:1:  layout_basic_swamp, evilmike_swamp_ruin_house_1, swamp_pool1,
          nicolae_swamp_necromancer_hut, uniq_aizul
Orc:1:    layout_diamond_mine, basic_altar
Orc:2:    pf_orc_diabolical, layout_caves, roderic_batcave, uniq_urug

Skill      XL: |  1  2  3  4  5  6  7  8  9 10 11 12 13 14 15 16 |
---------------+-------------------------------------------------+-----
Unarmed Combat | 4 5 6 7 8 10 12 13 14 15 16 17 18 19 20 | 20.7
Dodging        | 4 5 7 8 9 10 11 | 11.9
Armour         | 3 4 6 7 8 9 10 11 | 11.5
Fighting       | 5 6 8 9 10 11 12 13 | 13.6
Throwing       | |  1.7

Action                   |  1- 3 |  4- 6 |  7- 9 | 10-12 | 13-15 | 16-18 || total
-------------------------+-------+-------+-------+-------+-------+-------++-------
Melee: Unarmed           |   105 |   240 |   425 |   662 |  1248 |   365 ||  3045
       Punch             |       |     3 |    18 |    49 |   152 |    48 ||   270
Throw: Throwing net      |       |       |       |     2 |     4 |       ||     6
       Boomerang         |       |       |       |       |       |    30 ||    30
Evoke: Wand              |       |       |       |    10 |     2 |     3 ||    15
  Use: Scroll            |       |    18 |     9 |    10 |     8 |     1 ||    46
       Potion            |       |     2 |       |     3 |     2 |     4 ||    11
 Stab: Held in net/web   |       |       |       |     1 |     1 |       ||     2
       Petrified         |       |       |       |       |     2 |       ||     2
Armor: Ring mail         |    47 |    43 |   128 |       |       |       ||   218
       Ice dragon scales |       |    51 |       |       |       |       ||    51
       Plate armour      |       |       |    65 |   323 |   442 |   107 ||   937
       Chain mail        |       |       |       |       |       |    63 ||    63
Dodge: Dodged            |    72 |   137 |   194 |   324 |   646 |   212 ||  1585
Block: Other             |       |       |       |       |   208 |    67 ||   275
       Reflection        |       |       |       |       |     4 |    14 ||    18

Table legend: (Time is in decaauts)
 A = Elapsed time spent in this place.
 B = Non-inter-level travel time spent in this place.
 C = Inter-level travel time spent in this place.
 D = Time resting spent in this place.
 E = Time spent auto-exploring this place.
 F = Levels seen in this place.
 G = Mean time per level.
                   A        B        C        D        E       F      G
               +--------+--------+--------+--------+--------+-----+--------+
         Total |  21414 |  20035 |   1379 |   2165 |  12616 |  26 |  823.6 |
       Dungeon |  12195 |  11382 |    813 |    795 |   7471 |  15 |  813.0 |
        Temple |     12 |     12 |      0 |      0 |      0 |   1 |   12.0 |
          Lair |   6517 |   6089 |    428 |    603 |   4154 |   6 | 1086.2 |
         Swamp |    170 |    170 |      0 |      0 |    119 |   1 |  170.0 |
  Orcish Mines |   2298 |   2161 |    137 |    706 |    809 |   2 | 1149.0 |
       Ossuary |    220 |    220 |      0 |     61 |     63 |   1 |  220.0 |
               +--------+--------+--------+--------+--------+-----+--------+

Top non-repeatable levels by time:
  Lair:6: 1460 daAuts
  Lair:4: 1321 daAuts
    D:11: 1211 daAuts
  Lair:2: 1192 daAuts
   Orc:1: 1189 daAuts
   Orc:2: 1109 daAuts
     D:4: 1089 daAuts
  Lair:3: 1087 daAuts
    D:13: 1059 daAuts
    D:12: 891 daAuts
    D:15: 875 daAuts
     D:7: 817 daAuts
     D:3: 800 daAuts
     D:1: 777 daAuts
     D:8: 769 daAuts
